 Dungeon Crawl Stone Soup version 0.30.0-5-g1a98f26d00 (webtiles) character file.

Game seed: 14936353770844747412

19 Leibowitz the Shield-Bearer (level 2, 0/27 HPs)
             Began as a Minotaur Fighter on May 9, 2023.
             Slain by a gnoll
             ... wielding a +0 halberd
              (8 damage)
             ... on level 2 of the Dungeon.
             The game lasted 00:01:23 (872 turns).

Leibowitz the Shield-Bearer (Minotaur Fighter)       Turns: 872, Time: 00:01:24

Health: 0/27       AC:  7    Str: 20    XL:     2   Next: 55%
Magic:  1/1        EV:  9    Int:  5    God:
Gold:   40         SH:  4    Dex:  9    Spells: 1/1 levels left

rFire   . . .        a - +0 war axe
rCold   . . .        c - +0 buckler
rNeg    . . .        b - +0 scale mail
rPois   .            (helmet restricted)
rElec   .            (no cloak)
rCorr   .            (no gloves)
SInv    .            (no boots)
Will    .....        f - amulet of the acrobat Stlth
                     (no ring)
HPRegen 0.24/turn    (no ring)
MPRegen 0.07/turn

%: acrobat
@: no status effects
A: horns 2, retaliatory headbutt
a: no special abilities


You were on level 2 of the Dungeon.
You visited 1 branch of the dungeon, and saw 2 of its levels.

You collected 40 gold pieces.

Inventory:

Hand Weapons
 a - a +0 war axe (weapon)
Armour
 b - a +0 scale mail (worn)
 c - a +0 buckler (worn)
Jewellery
 f - an amulet of the acrobat (around neck)
Scrolls
 e - a scroll of identify {unknown}
 i - a scroll of fear {unknown}
Potions
 d - a potion of might
 g - a potion of lignification {unknown}
 h - a potion of flight {unknown}


   Skills:
 * Level 3.9 Fighting
 * Level 2.8 Axes
 * Level 3.8 Armour
 * Level 0.4 Dodging
 * Level 3.9 Shields


You had one spell level left.
You didn't know any spells.
Your spell library contained the following spells:

 Spells                   Type           Power      Damage    Failure   Level
 Scorch                   Fire           0%         2d5       95%         2
 Flame Wave               Conj/Fire      0%         2d4       100%        4
 Summon Cactus Giant      Summ           0%         N/A       100%        6


Dungeon Overview and Level Annotations

Branches:
Dungeon (2/15)

Altars:


Innate Abilities, Weirdness & Mutations

You have a pair of horns on your head.
You reflexively headbutt those who attack you in melee.


Message History

You see here a ball python corpse.
Found a robe.
You open the door. You open the door. You open the large door.
There is a large open door here.
There is a large open door here.
Found 3 poisoned darts. 3 gnolls come into view.
Found a sapphire potion.
The gnoll shouts! x2
The gnoll moves out of view.
Found 7 gold pieces and 5 stones.
You completely miss the gnoll. The gnoll closely misses you.
The gnoll hits you from afar with a +0 halberd.
You hit the gnoll.
The gnoll is heavily wounded.
The gnoll closely misses you.
You closely miss the gnoll. Your headbutt misses the gnoll.
The gnoll is heavily wounded.
You block the gnoll's attack.
You barely miss the gnoll. Your headbutt misses the gnoll.
The gnoll is heavily wounded.
The gnoll hits you from afar with a +0 halberd.
The gnoll hits you with a +0 flail! The gnoll closely misses you.
The gnoll barely misses you. The gnoll hits you but does no damage.
You hit the gnoll.
The gnoll is severely wounded.
You hit the gnoll. You block the gnoll's attack. The gnoll closely misses you.
The gnoll hits you with a +0 flail.
You barely miss the gnoll.
The gnoll is moderately wounded.
You barely miss the gnoll. The gnoll hits you with a +0 club.
* * * LOW HITPOINT WARNING * * *
The gnoll barely misses you. x2
You hit the gnoll. You headbutt the gnoll!
You kill the gnoll!
You closely miss the gnoll.
The gnoll hits you from afar with a +0 halberd!
You die...

..(.### .......
##....... .........
# #......$...(
#..........# #
#g.g.......#
#####.#)#+##.....##
.......g@.........+
........#.###.....#
.......##.........#
....... +.........#
....... #.........#
!...... #.....##'##
#######
#.....##'#####
#.....#......#
#.....#......####


You could see 2 gnolls.

Vanquished Creatures
  A gnoll (D:2)
  A bat (D:1)
  An endoplasm (D:1)
  4 hobgoblins (D:1)
  4 ball pythons
  4 frilled lizards (D:1)
  3 kobolds
  2 rats
20 creatures vanquished.

Notes
Turn   | Place    | Note
-------+----------+-------------------------------------------
     0 | D:1      | Leibowitz the Minotaur Fighter began the quest for the Orb.
     0 | D:1      | Reached XP level 1. HP: 19/19 MP: 0/0
   234 | D:1      | Reached XP level 2. HP: 27/27 MP: 1/1
   872 | D:2      | Slain by a gnoll

Illustrated notes

Levels and vault maps discovered:
D:1:      arrival_zaba_pyramid, layout_basic
D:2:      layout_basic, hex_medium

Action                     || total
---------------------------++-------
  Melee: War axe           ||    44
         Headbutt          ||     5
 Armour: Scale mail        ||    18
  Dodge: Dodged            ||    25
  Block: Buckler           ||     8
